St.Louis Blues vs San Jose Sharks
Created - Thursday, February 22, 2024 at 06:47
Goals
|
| St.Louis Blues |
1 |
1 |
2 |
4 |
| San Jose Sharks |
1 |
0 |
1 |
2 |
|
Shots
|
| St.Louis Blues |
13 |
16 |
9 |
38 |
| San Jose Sharks |
10 |
9 |
10 |
29 |
|
1st period
1. San Jose Sharks , Adam Henrique 6 (Valeri Nichushkin 7, Dylan Strome 11) at 0:12
2. St.Louis Blues , Tage Thompson 7 (Elias Pettersson 10, Robert Thomas 17) at 8:08 (PP)
Penalties :
Connor Murphy (SJS) for Hooking (Minor) at 7:55, Yanni Gourde (STL) for Tripping (Minor) at 15:16
2nd period
3. St.Louis Blues , Jack Eichel 3 (Jake Guentzel 3, Alex Pietrangelo 4) at 13:35
Penalties :
Anthony Deangelo (SJS) for Hooking (Minor) at 5:15, Connor Murphy (SJS) for Hooking (Minor) at 10:07
3rd period
4. San Jose Sharks , Adam Henrique 7 (Connor Murphy 1, Valeri Nichushkin 8) at 0:36
5. St.Louis Blues , Yanni Gourde 5 (Alex Pietrangelo 5) at 5:51 (PP)
6. St.Louis Blues , Tage Thompson 8 (Mikhail Sergachev 2, Alex Tuch 5) at 19:32 (Empty Net)
Penalties :
Connor Murphy (SJS) for Roughing (Minor) at 4:41, Connor Hellebuyck (STL) for Slashing (Minor) at 15:05 - Lawson Crouse served the penalty
Goalie Stats
Connor Hellebuyck (STL), 27 saves from 29 shots - (0.931), W, 7-4-1, 60:00 minutes
Ilya Samsonov (SJS), 34 saves from 37 shots - (0.919), L, 8-4-2, 59:24 minutes
Players Stats for St.Louis Blues
Player Name G A P +/- PIM S H SB GA TA FO MP PP MP PK MP
------------------------------------------------------------------------------------
Adam Pelech 0 0 0 0 0 1 1 2 0 0 0/0 13:07 0:05 2:03
Alex Pietrangelo 0 2 2 1 0 1 0 0 0 1 0/0 24:11 2:02 0:00
Alex Tuch 0 1 1 1 0 2 3 0 0 1 1/1 18:15 1:30 0:00
Andrew Copp 0 0 0 0 0 2 0 0 0 0 1/1 8:42 0:00 1:47
Colton Parayko 0 0 0 -1 0 1 3 1 0 0 0/0 20:13 0:05 2:03
Elias Pettersson 0 1 1 0 0 1 2 0 0 0 2/3 20:34 2:53 1:15
Evander Kane 0 0 0 0 0 4 1 0 1 1 0/0 11:31 0:28 0:00
Jack Eichel 1 0 1 0 0 5 2 0 3 0 9/14 18:05 1:52 0:00
Jake Guentzel 0 1 1 0 0 5 1 0 1 0 0/0 18:10 1:48 0:04
Jake Sanderson 0 0 0 -1 0 0 2 1 0 0 0/0 20:50 1:22 1:55
Lawson Crouse 0 0 0 0 0 1 0 0 0 0 0/0 8:16 0:12 0:56
Mark Stone 0 0 0 0 0 2 0 0 1 0 0/0 13:35 2:28 0:00
Mikhail Sergachev 0 1 1 1 0 0 3 0 0 2 0/0 24:33 2:24 0:00
Nick Leddy 0 0 0 0 0 0 0 0 0 0 0/0 13:44 1:22 1:55
Nico Sturm 0 0 0 0 0 0 2 0 0 1 3/3 8:35 0:00 1:40
Robert Thomas 0 1 1 -1 0 4 1 0 0 0 25/31 20:05 2:53 1:27
Tage Thompson 2 0 2 0 0 5 3 0 0 0 1/2 19:10 2:53 0:00
Yanni Gourde 1 0 1 0 2 4 0 0 2 0 4/5 14:25 2:28 0:47
Players Stats for San Jose Sharks
Player Name G A P +/- PIM S H SB GA TA FO MP PP MP PK MP
------------------------------------------------------------------------------------
Adam Henrique 2 0 2 1 0 3 2 0 0 0 5/16 19:53 1:59 2:26
Andreas Athanasiou 0 0 0 0 0 1 0 0 0 0 0/0 8:36 0:00 0:00
Anthony Deangelo 0 0 0 0 2 0 2 2 1 0 0/0 13:07 0:00 0:00
Christian Dvorak 0 0 0 0 0 2 2 1 0 0 0/0 17:16 1:59 0:44
Christopher Tanev 0 0 0 1 0 1 0 0 0 2 0/0 21:06 2:02 2:37
Connor Brown 0 0 0 0 0 0 0 0 0 1 0/0 8:07 0:00 0:00
Connor Murphy 0 1 1 1 6 1 1 0 0 0 0/0 19:30 2:02 1:04
Derek Forbort 0 0 0 -1 0 0 2 4 0 1 0/0 25:46 1:56 2:44
Dylan Strome 0 1 1 1 0 4 0 1 0 0 0/0 17:45 1:59 1:24
Ilya Mikheyev 0 0 0 -1 0 3 0 1 1 1 1/4 13:44 0:00 1:11
Ivan Barbashev 0 0 0 0 0 4 1 0 0 0 1/17 18:55 1:59 2:23
Jack Roslovic 0 0 0 -1 0 0 0 0 2 0 5/15 12:33 0:00 0:00
John Hayden 0 0 0 0 0 2 0 0 0 0 2/4 8:22 0:00 0:06
Ryan Hartman 0 0 0 0 0 2 1 0 0 0 0/1 16:32 1:59 0:00
Simon Nemec 0 0 0 0 0 0 1 2 0 1 0/0 15:17 0:00 1:23
Valeri Nichushkin 0 2 2 1 0 4 3 1 1 1 0/3 19:52 1:59 2:24
Victor Olofsson 0 0 0 -1 0 0 2 0 0 0 0/0 12:18 0:00 0:04
Zachary Werenski 0 0 0 -1 0 2 0 2 1 1 0/0 25:56 1:56 2:54
3 Stars
1 - Tage Thompson (STL)
2 - Adam Henrique (SJS)
3 - Valeri Nichushkin (SJS)
Power Play
St.Louis Blues - 2 on 4 Attempt(s) - 50.00%
San Jose Sharks - 0 on 2 Attempt(s) - 0.00%
Penalty Kill
St.Louis Blues - 2 on 2 Attempt(s) - 100.00%
- Score 0 goal in Penalty Kill
San Jose Sharks - 2 on 4 Attempt(s) - 50.00%
- Score 0 goal in Penalty Kill
Team Stat
St.Louis Blues - Hits : 24 - Faceoff Wins : 46 - Blocked Shots : 4 - Penalty Minutes : 4
San Jose Sharks - Hits : 17 - Faceoff Wins : 14 - Blocked Shots : 14 - Penalty Minutes : 8
Official
Referees : Tim Peel and Dave Jackson
Linesman : Brad Kovachik and Mark Wheler
Game Notes
Tage Thompson has scored in a empty net!
Finance
Level 1 -- Attendance: 4457 (74.28%) -- Ticket Income $432,329
Level 2 -- Attendance: 4390 (87.80%) -- Ticket Income $250,230
Level 3 -- Attendance: 2927 (97.57%) -- Ticket Income $96,591
Level 4 -- Attendance: 4360 (87.20%) -- Ticket Income $95,920
Luxury Box -- Attendance: 1000 (100.00%) -- Ticket Income $193,000
Game was played at the SAP Center at San Jose.
Total Attendance: 17134 (85.67%)
Total Ticket Income: $1,068,070
Other Income: $373,824
Total Income: $1,441,894
St.Louis Blues
5 vs 5 Forward
Center Left Wing Right Wing Time % Phy DF OF
1 Robert Thomas Elias Pettersson Tage Thompson 40 0 2 3
2 Jack Eichel Jake Guentzel Alex Tuch 30 0 2 3
3 Yanni Gourde Evander Kane Mark Stone 20 1 2 2
4 Nico Sturm Andrew Copp Lawson Crouse 10 1 3 1
5 vs 5 Defense
Defense Defense Time % Phy DF OF
1 Mikhail Sergachev Alex Pietrangelo 45 1 2 2
2 Jake Sanderson Colton Parayko 35 1 2 2
3 Nick Leddy Adam Pelech 20 1 2 2
4 Alex Pietrangelo Mikhail Sergachev 0 1 2 2
PowerPlay Forward
Center Left Wing Right Wing Time % Phy DF OF
1 Robert Thomas Elias Pettersson Tage Thompson 60 1 0 4
2 Yanni Gourde Jake Guentzel Mark Stone 40 1 0 4
PowerPlay Defense
Defense Defense Time % Phy DF OF
1 Jack Eichel Mikhail Sergachev 60 0 1 4
2 Alex Pietrangelo Alex Tuch 40 0 1 4
Penalty Kill 4 Players Forward
Center Wing Time % Phy DF OF
1 Nico Sturm Yanni Gourde 50 1 4 0
2 Andrew Copp Lawson Crouse 50 1 4 0
Penalty Kill 4 Players Defense
Defense Defense Time % Phy DF OF
1 Adam Pelech Colton Parayko 50 1 4 0
2 Nick Leddy Jake Sanderson 50 1 4 0
Penalty Kill - 3 Players Forward
Forward Time % Phy DF OF
1 Nico Sturm 50 0 5 0
2 Yanni Gourde 50 0 5 0
Penalty Kill - 3 Players Defense
Defense Defense Time % Phy DF OF
1 Jake Sanderson Colton Parayko 50 0 5 0
2 Adam Pelech Nick Leddy 50 0 5 0
4 vs 4 Forward
Center Wing Time % Phy DF OF
1 Robert Thomas Elias Pettersson 50 0 2 3
2 Jack Eichel Tage Thompson 50 0 2 3
4 vs 4 Defense
Defense Defense Time % Phy DF OF
1 Alex Pietrangelo Mikhail Sergachev 50 1 2 2
2 Colton Parayko Jake Sanderson 50 1 2 2
Last Minutes Offensive
Center Left Wing Right Wing Defense Defense
Elias Pettersson Alex Tuch Tage Thompson Alex Pietrangelo Mikhail Sergachev
Last Minutes Defensive
Center Left Wing Right Wing Defense Defense
Elias Pettersson Alex Tuch Tage Thompson Alex Pietrangelo Mikhail Sergachev
Goaltenders
Starting : Connor Hellebuyck
Backup : Scott Wedgewood
Extra Forwards
Normal : Mark Stone, Jack Eichel, Lawson Crouse - PP : Jake Guentzel, Evander Kane - PK : Robert Thomas
Extra Defensemen
Normal : Jake Sanderson, Nick Leddy, Colton Parayko - PP : Nick Leddy - PK : Jake Sanderson, Colton Parayko
Penalty Shots
Elias Pettersson, Tage Thompson, Robert Thomas, Alex Tuch, Jack Eichel
San Jose Sharks
5 vs 5 Forward
Center Left Wing Right Wing Time % Phy DF OF
1 Adam Henrique Valeri Nichushkin Dylan Strome 30 1 2 2
2 Ivan Barbashev Christian Dvorak Ryan Hartman 30 1 2 2
3 Jack Roslovic Victor Olofsson Ilya Mikheyev 25 1 2 2
4 John Hayden Andreas Athanasiou Connor Brown 15 1 2 2
5 vs 5 Defense
Defense Defense Time % Phy DF OF
1 Derek Forbort Zachary Werenski 30 1 2 2
2 Christopher Tanev Connor Murphy 30 1 2 2
3 Anthony Deangelo Simon Nemec 25 1 2 2
4 Derek Forbort Zachary Werenski 15 1 2 2
PowerPlay Forward
Center Left Wing Right Wing Time % Phy DF OF
1 Adam Henrique Valeri Nichushkin Dylan Strome 50 1 2 2
2 Ivan Barbashev Christian Dvorak Ryan Hartman 50 1 2 2
PowerPlay Defense
Defense Defense Time % Phy DF OF
1 Derek Forbort Zachary Werenski 50 1 2 2
2 Christopher Tanev Connor Murphy 50 1 2 2
Penalty Kill 4 Players Forward
Center Wing Time % Phy DF OF
1 Valeri Nichushkin Adam Henrique 50 1 2 2
2 Dylan Strome Ivan Barbashev 50 1 2 2
Penalty Kill 4 Players Defense
Defense Defense Time % Phy DF OF
1 Derek Forbort Zachary Werenski 50 1 2 2
2 Christopher Tanev Connor Murphy 50 1 2 2
Penalty Kill - 3 Players Forward
Forward Time % Phy DF OF
1 Valeri Nichushkin 50 1 2 2
2 Adam Henrique 50 1 2 2
Penalty Kill - 3 Players Defense
Defense Defense Time % Phy DF OF
1 Derek Forbort Zachary Werenski 50 1 2 2
2 Christopher Tanev Connor Murphy 50 1 2 2
4 vs 4 Forward
Center Wing Time % Phy DF OF
1 Valeri Nichushkin Adam Henrique 50 1 2 2
2 Dylan Strome Ivan Barbashev 50 1 2 2
4 vs 4 Defense
Defense Defense Time % Phy DF OF
1 Derek Forbort Zachary Werenski 50 1 2 2
2 Christopher Tanev Connor Murphy 50 1 2 2
Last Minutes Offensive
Center Left Wing Right Wing Defense Defense
Adam Henrique Valeri Nichushkin Dylan Strome Derek Forbort Zachary Werenski
Last Minutes Defensive
Center Left Wing Right Wing Defense Defense
Adam Henrique Valeri Nichushkin Dylan Strome Derek Forbort Zachary Werenski
Goaltenders
Starting : Ilya Samsonov
Backup : Logan Thompson
Extra Forwards
Normal : Jack Roslovic, Andreas Athanasiou, Ilya Mikheyev - PP : Jack Roslovic, Andreas Athanasiou - PK : Ilya Mikheyev
Extra Defensemen
Normal : Anthony Deangelo, Simon Nemec, Christopher Tanev - PP : Anthony Deangelo - PK : Simon Nemec, Christopher Tanev
Penalty Shots
Valeri Nichushkin, Adam Henrique, Dylan Strome, Ivan Barbashev, Christian Dvorak
% Time on Ice - St.Louis Blues
Lines # - Real PCT - Wanted PCT - Time Play
Normal Forward
1 - 32% - 40% - 15:49
2 - 33% - 30% - 16:22
3 - 22% - 20% - 11:03
4 - 14% - 10% - 6:55
Normal Defense
1 - 45% - 45% - 22:31
2 - 35% - 35% - 17:33
3 - 20% - 20% - 10:05
4 - 0% - 0% - 0:00
PP Forward
1 - 54% - 60% - 2:53
2 - 46% - 40% - 2:28
PP Defense
1 - 72% - 60% - 3:51
2 - 28% - 40% - 1:30
PK Forward
1 - 48% - 50% - 1:55
2 - 52% - 50% - 2:03
PK Defense
1 - 52% - 50% - 2:03
2 - 48% - 50% - 1:55
PK3 Forward
1 - 0% - 50%
2 - 0% - 50%
PK3 Defense
1 - 0% - 50%
2 - 0% - 50%
44 Forward
1 - 0% - 50%
2 - 0% - 50%
44 Defense
1 - 0% - 50%
2 - 0% - 50%
Last Minute Offensive - 0:00
Last Minute Defensive - 0:32
Total
Forward - 60:00
Defense - 60:00
|
% Time on Ice - San Jose Sharks
Lines # - Real PCT - Wanted PCT - Time Play
Normal Forward
1 - 29% - 30% - 14:23
2 - 30% - 30% - 15:12
3 - 24% - 25% - 12:14
4 - 16% - 15% - 8:07
Normal Defense
1 - 30% - 30% - 14:52
2 - 33% - 30% - 16:27
3 - 26% - 25% - 12:55
4 - 11% - 15% - 5:42
PP Forward
1 - 50% - 50% - 1:59
2 - 50% - 50% - 1:59
PP Defense
1 - 49% - 50% - 1:56
2 - 51% - 50% - 2:02
PK Forward
1 - 55% - 50% - 2:58
2 - 45% - 50% - 2:23
PK Defense
1 - 51% - 50% - 2:44
2 - 49% - 50% - 2:37
PK3 Forward
1 - 0% - 50%
2 - 0% - 50%
PK3 Defense
1 - 0% - 50%
2 - 0% - 50%
44 Forward
1 - 0% - 50%
2 - 0% - 50%
44 Defense
1 - 0% - 50%
2 - 0% - 50%
Last Minute Offensive - 0:45
Last Minute Defensive - 0:00
Total
Forward - 60:00
Defense - 60:00
|
Play-by-Play
1st period
0:01 of 1st period - Robert Thomas wins face-off versus Adam Henrique in neutral zone.
0:12 of 1st period - Wrist shot by Adam Henrique.
0:12 of 1st period - Goal by Adam Henrique - St.Louis Blues : 0 - San Jose Sharks : 1.
0:13 of 1st period - Jack Eichel wins face-off versus Ivan Barbashev in neutral zone.
1:24 of 1st period - Mikhail Sergachev is hit by Anthony Deangelo and loses puck.
1:29 of 1st period - Snap shot by Adam Henrique.
1:29 of 1st period - Deflect By Dylan Strome.
1:29 of 1st period - Stopped by Connor Hellebuyck with a rebound.
1:43 of 1st period - Adam Henrique is hit by Jake Guentzel and loses puck.
2:06 of 1st period - Slapshot by Christian Dvorak.
2:06 of 1st period - Stopped by Connor Hellebuyck without a rebound.
2:07 of 1st period - Yanni Gourde wins face-off versus Ivan Barbashev in St.Louis Blues zone.
2:50 of 1st period - Slapshot by Yanni Gourde.
2:50 of 1st period - Stopped by Ilya Samsonov with a rebound.
3:16 of 1st period - Backhand shot by Evander Kane.
3:16 of 1st period - Stopped by Ilya Samsonov with a rebound.
3:45 of 1st period - Slapshot by Evander Kane.
3:45 of 1st period - Deflect By Yanni Gourde.
3:45 of 1st period - Stopped by Ilya Samsonov with a rebound.
3:47 of 1st period - Snap shot by Evander Kane.
3:47 of 1st period - Stopped by Ilya Samsonov with a rebound.
4:00 of 1st period - Icing by Connor Murphy.
4:01 of 1st period - Robert Thomas wins face-off versus Ivan Barbashev in San Jose Sharks zone.
4:18 of 1st period - Wrist shot by Robert Thomas.
4:18 of 1st period - Deflect By Tage Thompson.
4:18 of 1st period - Stopped by Ilya Samsonov with a rebound.
4:28 of 1st period - Connor Murphy is hit by Jake Sanderson and loses puck.
5:13 of 1st period - Icing by Connor Brown.
5:14 of 1st period - Robert Thomas wins face-off versus John Hayden in San Jose Sharks zone.
5:23 of 1st period - Wrist shot by Tage Thompson.
5:23 of 1st period - Stopped by Ilya Samsonov without a rebound.
5:24 of 1st period - Jack Roslovic wins face-off versus Robert Thomas in San Jose Sharks zone.
5:24 of 1st period - Jack Roslovic is hit by Tage Thompson.
6:34 of 1st period - Snap shot by Victor Olofsson.
6:34 of 1st period - Shot Misses the Net.
7:55 of 1st period - Minor Penalty to Connor Murphy for Hooking.
7:56 of 1st period - Robert Thomas wins face-off versus Valeri Nichushkin in San Jose Sharks zone.
8:08 of 1st period - Snap shot by Tage Thompson.
8:08 of 1st period - Goal by Tage Thompson - St.Louis Blues : 1 - San Jose Sharks : 1.
8:09 of 1st period - Jack Roslovic wins face-off versus Robert Thomas in neutral zone.
8:20 of 1st period - Snap shot by Victor Olofsson.
8:20 of 1st period - Shot Misses the Net.
8:24 of 1st period - Slapshot by Ilya Mikheyev.
8:24 of 1st period - Shot Misses the Net.
8:34 of 1st period - Colton Parayko is hit by Adam Henrique and loses puck.
8:57 of 1st period - Snap shot by Nico Sturm.
8:57 of 1st period - Shot Blocked by Simon Nemec.
8:59 of 1st period - Slapshot by Colton Parayko.
8:59 of 1st period - Stopped by Ilya Samsonov without a rebound.
9:00 of 1st period - Nico Sturm wins face-off versus Jack Roslovic in San Jose Sharks zone.
9:09 of 1st period - Snap shot by Andrew Copp.
9:09 of 1st period - Stopped by Ilya Samsonov with a rebound.
9:32 of 1st period - Slapshot by Lawson Crouse.
9:32 of 1st period - Shot Misses the Net.
9:34 of 1st period - Snap shot by Lawson Crouse.
9:34 of 1st period - Stopped by Ilya Samsonov without a rebound.
9:35 of 1st period - Adam Henrique wins face-off versus Robert Thomas in San Jose Sharks zone.
9:44 of 1st period - Snap shot by Valeri Nichushkin.
9:44 of 1st period - Stopped by Connor Hellebuyck with a rebound.
9:50 of 1st period - Slapshot by Dylan Strome.
9:50 of 1st period - Stopped by Connor Hellebuyck with a rebound.
9:52 of 1st period - Wrist shot by Dylan Strome.
9:52 of 1st period - Shot Misses the Net.
10:27 of 1st period - Simon Nemec is hit by Jack Eichel and loses puck.
10:37 of 1st period - Off-side.
10:38 of 1st period - Adam Henrique wins face-off versus Jack Eichel in neutral zone.
11:08 of 1st period - Slapshot by Colton Parayko.
11:08 of 1st period - Deflect By Evander Kane.
11:08 of 1st period - Stopped by Ilya Samsonov with a rebound.
11:53 of 1st period - Backhand shot by Ivan Barbashev.
11:53 of 1st period - Stopped by Connor Hellebuyck without a rebound.
11:54 of 1st period - Adam Henrique wins face-off versus Jack Eichel in St.Louis Blues zone.
11:55 of 1st period - Snap shot by Valeri Nichushkin.
11:55 of 1st period - Shot Misses the Net.
12:10 of 1st period - Snap shot by Jake Guentzel.
12:10 of 1st period - Stopped by Ilya Samsonov without a rebound.
12:11 of 1st period - Robert Thomas wins face-off versus Ryan Hartman in San Jose Sharks zone.
12:45 of 1st period - Slapshot by Dylan Strome.
12:45 of 1st period - Stopped by Connor Hellebuyck with a rebound.
12:47 of 1st period - Slapshot by Zachary Werenski.
12:47 of 1st period - Shot Blocked by Colton Parayko.
12:49 of 1st period - Snap shot by Valeri Nichushkin.
12:49 of 1st period - Stopped by Connor Hellebuyck without a rebound.
12:50 of 1st period - Robert Thomas wins face-off versus Jack Roslovic in St.Louis Blues zone.
12:57 of 1st period - Jack Roslovic is hit by Colton Parayko and loses puck.
13:16 of 1st period - Dylan Strome is hit by Alex Tuch and loses puck.
13:43 of 1st period - Christian Dvorak is hit by Mikhail Sergachev and loses puck.
13:48 of 1st period - Snap shot by Evander Kane.
13:48 of 1st period - Stopped by Ilya Samsonov with a rebound.
14:20 of 1st period - Wrist shot by Ilya Mikheyev.
14:20 of 1st period - Stopped by Connor Hellebuyck with a rebound.
14:22 of 1st period - Slapshot by Christopher Tanev.
14:22 of 1st period - Shot Misses the Net.
14:24 of 1st period - Wrist shot by Victor Olofsson.
14:24 of 1st period - Shot Blocked by Adam Pelech.
14:26 of 1st period - Slapshot by Ilya Mikheyev.
14:26 of 1st period - Stopped by Connor Hellebuyck with a rebound.
14:28 of 1st period - Slapshot by Connor Murphy.
14:28 of 1st period - Shot Misses the Net.
15:16 of 1st period - Minor Penalty to Yanni Gourde for Tripping.
15:17 of 1st period - Nico Sturm wins face-off versus Adam Henrique in St.Louis Blues zone.
15:44 of 1st period - Christian Dvorak is hit by Nico Sturm and loses puck.
15:57 of 1st period - Adam Pelech is hit by Connor Murphy and loses puck.
16:20 of 1st period - Connor Murphy is hit by Elias Pettersson and loses puck.
16:55 of 1st period - Elias Pettersson is hit by Ryan Hartman.
17:16 of 1st period - Penalty to Yanni Gourde is over, Yanni Gourde is back on ice.
18:02 of 1st period - Jack Roslovic is hit by Tage Thompson and loses puck.
19:01 of 1st period - Robert Thomas is hit by Valeri Nichushkin and loses puck.
19:40 of 1st period - Connor Brown is hit by Jack Eichel and loses puck.
19:59 of 1st period - Ivan Barbashev is hit by Elias Pettersson and loses puck.
Goals for this period are 1 for St.Louis Blues vs 1 for San Jose Sharks.
Shots for this period are 13 for St.Louis Blues vs 10 for San Jose Sharks.
2nd period
0:01 of 2nd period - Adam Henrique wins face-off versus Tage Thompson in neutral zone.
0:05 of 2nd period - Icing by Colton Parayko.
0:06 of 2nd period - Elias Pettersson wins face-off versus Adam Henrique in St.Louis Blues zone.
0:06 of 2nd period - Elias Pettersson is hit by Adam Henrique.
0:16 of 2nd period - Snap shot by Elias Pettersson.
0:16 of 2nd period - Shot Blocked by Derek Forbort.
0:18 of 2nd period - Wrist shot by Tage Thompson.
0:18 of 2nd period - Shot Misses the Net.
0:20 of 2nd period - Snap shot by Robert Thomas.
0:20 of 2nd period - Stopped by Ilya Samsonov without a rebound.
0:21 of 2nd period - Robert Thomas wins face-off versus Ivan Barbashev in San Jose Sharks zone.
0:46 of 2nd period - Zachary Werenski is hit by Mikhail Sergachev and loses puck.
0:55 of 2nd period - Snap shot by Jack Eichel.
0:55 of 2nd period - Stopped by Ilya Samsonov with a rebound.
0:57 of 2nd period - Wrist shot by Jack Eichel.
0:57 of 2nd period - Stopped by Ilya Samsonov with a rebound.
2:21 of 2nd period - Wrist shot by Valeri Nichushkin.
2:21 of 2nd period - Deflect By Jake Guentzel.
2:21 of 2nd period - Stopped by Connor Hellebuyck without a rebound.
2:22 of 2nd period - Jack Eichel wins face-off versus Ivan Barbashev in St.Louis Blues zone.
2:59 of 2nd period - Icing by Mikhail Sergachev.
3:00 of 2nd period - Jack Eichel wins face-off versus Adam Henrique in St.Louis Blues zone.
3:00 of 2nd period - Jack Eichel is hit by Valeri Nichushkin.
3:28 of 2nd period - Snap shot by Jake Guentzel.
3:28 of 2nd period - Deflect By Anthony Deangelo.
3:28 of 2nd period - Stopped by Ilya Samsonov with a rebound.
3:30 of 2nd period - Wrist shot by Jake Guentzel.
3:30 of 2nd period - Shot Blocked by Dylan Strome.
3:32 of 2nd period - Slapshot by Alex Pietrangelo.
3:32 of 2nd period - Shot Blocked by Valeri Nichushkin.
4:25 of 2nd period - Snap shot by Jake Guentzel.
4:25 of 2nd period - Stopped by Ilya Samsonov with a rebound.
4:27 of 2nd period - Snap shot by Alex Tuch.
4:27 of 2nd period - Stopped by Ilya Samsonov with a rebound.
4:38 of 2nd period - Snap shot by Adam Henrique.
4:38 of 2nd period - Stopped by Connor Hellebuyck with a rebound.
4:56 of 2nd period - Snap shot by Jack Eichel.
4:56 of 2nd period - Shot Blocked by Anthony Deangelo.
4:58 of 2nd period - Wrist shot by Jake Guentzel.
4:58 of 2nd period - Stopped by Ilya Samsonov with a rebound.
5:15 of 2nd period - Minor Penalty to Anthony Deangelo for Hooking.
5:16 of 2nd period - Robert Thomas wins face-off versus Ilya Mikheyev in San Jose Sharks zone.
5:20 of 2nd period - Snap shot by Robert Thomas.
5:20 of 2nd period - Stopped by Ilya Samsonov without a rebound.
5:21 of 2nd period - Robert Thomas wins face-off versus Ilya Mikheyev in San Jose Sharks zone.
5:24 of 2nd period - Slapshot by Tage Thompson.
5:24 of 2nd period - Shot Blocked by Ilya Mikheyev.
5:31 of 2nd period - Icing by Tage Thompson.
5:32 of 2nd period - Ilya Mikheyev wins face-off versus Robert Thomas in St.Louis Blues zone.
5:35 of 2nd period - Slapshot by Ivan Barbashev.
5:35 of 2nd period - Stopped by Connor Hellebuyck without a rebound.
5:36 of 2nd period - Robert Thomas wins face-off versus Ilya Mikheyev in St.Louis Blues zone.
5:36 of 2nd period - Robert Thomas is hit by Ivan Barbashev.
7:15 of 2nd period - Penalty to Anthony Deangelo is over, Anthony Deangelo is back on ice.
7:43 of 2nd period - Mark Stone is hit by Simon Nemec and loses puck.
8:28 of 2nd period - Icing by Mikhail Sergachev.
8:29 of 2nd period - Nico Sturm wins face-off versus Ivan Barbashev in St.Louis Blues zone.
8:39 of 2nd period - Snap shot by Zachary Werenski.
8:39 of 2nd period - Stopped by Connor Hellebuyck with a rebound.
8:55 of 2nd period - Icing by Jake Sanderson.
8:56 of 2nd period - Yanni Gourde wins face-off versus Adam Henrique in St.Louis Blues zone.
9:07 of 2nd period - Snap shot by Dylan Strome.
9:07 of 2nd period - Shot Misses the Net.
9:09 of 2nd period - Slapshot by Connor Murphy.
9:09 of 2nd period - Shot Misses the Net.
9:11 of 2nd period - Backhand shot by Valeri Nichushkin.
9:11 of 2nd period - Stopped by Connor Hellebuyck without a rebound.
9:12 of 2nd period - Robert Thomas wins face-off versus Ivan Barbashev in St.Louis Blues zone.
9:39 of 2nd period - Colton Parayko is hit by Derek Forbort and loses puck.
10:07 of 2nd period - Minor Penalty to Connor Murphy for Hooking.
10:08 of 2nd period - Robert Thomas wins face-off versus Valeri Nichushkin in San Jose Sharks zone.
10:10 of 2nd period - Snap shot by Robert Thomas.
10:10 of 2nd period - Shot Blocked by Simon Nemec.
10:40 of 2nd period - Snap shot by Valeri Nichushkin.
10:40 of 2nd period - Shot Hit the Post.
12:07 of 2nd period - Penalty to Connor Murphy is over, Connor Murphy is back on ice.
12:36 of 2nd period - Wrist shot by Adam Henrique.
12:36 of 2nd period - Deflect By Connor Murphy.
12:36 of 2nd period - Stopped by Connor Hellebuyck with a rebound.
12:46 of 2nd period - Snap shot by Adam Henrique.
12:46 of 2nd period - Shot Misses the Net.
12:48 of 2nd period - Slapshot by Christopher Tanev.
12:48 of 2nd period - Shot Misses the Net.
12:50 of 2nd period - Slapshot by Simon Nemec.
12:50 of 2nd period - Shot Misses the Net.
12:52 of 2nd period - Slapshot by Christopher Tanev.
12:52 of 2nd period - Stopped by Connor Hellebuyck without a rebound.
12:53 of 2nd period - Ivan Barbashev wins face-off versus Robert Thomas in St.Louis Blues zone.
13:17 of 2nd period - Snap shot by Alex Tuch.
13:17 of 2nd period - Stopped by Ilya Samsonov without a rebound.
13:18 of 2nd period - Jack Eichel wins face-off versus Jack Roslovic in San Jose Sharks zone.
13:23 of 2nd period - Slapshot by Jack Eichel.
13:23 of 2nd period - Stopped by Ilya Samsonov with a rebound.
13:25 of 2nd period - Snap shot by Jack Eichel.
13:25 of 2nd period - Shot Misses the Net.
13:27 of 2nd period - Wrist shot by Alex Pietrangelo.
13:27 of 2nd period - Shot Blocked by Derek Forbort.
13:29 of 2nd period - Snap shot by Jack Eichel.
13:29 of 2nd period - Shot Misses the Net.
13:31 of 2nd period - Slapshot by Alex Pietrangelo.
13:31 of 2nd period - Deflect By Jake Guentzel.
13:31 of 2nd period - Stopped by Ilya Samsonov with a rebound.
13:33 of 2nd period - Snap shot by Jack Eichel.
13:33 of 2nd period - Stopped by Ilya Samsonov with a rebound.
13:35 of 2nd period - Wrist shot by Jack Eichel.
13:35 of 2nd period - Goal by Jack Eichel - St.Louis Blues : 2 - San Jose Sharks : 1.
13:36 of 2nd period - Robert Thomas wins face-off versus Ivan Barbashev in neutral zone.
14:03 of 2nd period - Wrist shot by Jake Guentzel.
14:03 of 2nd period - Shot Blocked by Derek Forbort.
14:05 of 2nd period - Slapshot by Alex Pietrangelo.
14:05 of 2nd period - Stopped by Ilya Samsonov without a rebound.
14:06 of 2nd period - Jack Eichel wins face-off versus Jack Roslovic in San Jose Sharks zone.
15:17 of 2nd period - Ivan Barbashev is hit by Alex Tuch.
15:18 of 2nd period - Icing by Ivan Barbashev.
15:19 of 2nd period - Alex Tuch wins face-off versus Ivan Barbashev in San Jose Sharks zone.
16:00 of 2nd period - Slapshot by Christian Dvorak.
16:00 of 2nd period - Stopped by Connor Hellebuyck without a rebound.
16:01 of 2nd period - Tage Thompson wins face-off versus Jack Roslovic in St.Louis Blues zone.
16:28 of 2nd period - Mikhail Sergachev is hit by Valeri Nichushkin and loses puck.
16:55 of 2nd period - Anthony Deangelo is hit by Colton Parayko and loses puck.
17:47 of 2nd period - Off-side.
17:48 of 2nd period - John Hayden wins face-off versus Robert Thomas in neutral zone.
18:15 of 2nd period - Snap shot by Robert Thomas.
18:15 of 2nd period - Stopped by Ilya Samsonov without a rebound.
18:16 of 2nd period - Yanni Gourde wins face-off versus Ivan Barbashev in San Jose Sharks zone.
18:17 of 2nd period - Slapshot by Mark Stone.
18:17 of 2nd period - Stopped by Ilya Samsonov with a rebound.
18:47 of 2nd period - Snap shot by Zachary Werenski.
18:47 of 2nd period - Stopped by Connor Hellebuyck with a rebound.
19:39 of 2nd period - Snap shot by Yanni Gourde.
19:39 of 2nd period - Shot Blocked by Zachary Werenski.
Goals for this period are 1 for St.Louis Blues vs 0 for San Jose Sharks.
Shots for this period are 16 for St.Louis Blues vs 9 for San Jose Sharks.
3rd period
0:01 of 3rd period - Robert Thomas wins face-off versus Ivan Barbashev in neutral zone.
0:09 of 3rd period - Snap shot by Ivan Barbashev.
0:09 of 3rd period - Stopped by Connor Hellebuyck with a rebound.
0:27 of 3rd period - Colton Parayko is hit by Derek Forbort and loses puck.
0:32 of 3rd period - Slapshot by Valeri Nichushkin.
0:32 of 3rd period - Shot Misses the Net.
0:34 of 3rd period - Backhand shot by Connor Murphy.
0:34 of 3rd period - Shot Misses the Net.
0:36 of 3rd period - Slapshot by Connor Murphy.
0:36 of 3rd period - Deflect By Adam Henrique.
0:36 of 3rd period - Deflect By Jake Sanderson.
0:36 of 3rd period - Goal by Adam Henrique - St.Louis Blues : 2 - San Jose Sharks : 2.
0:37 of 3rd period - Robert Thomas wins face-off versus Ivan Barbashev in neutral zone.
0:40 of 3rd period - Derek Forbort is hit by Jake Sanderson and loses puck.
0:49 of 3rd period - Slapshot by Elias Pettersson.
0:49 of 3rd period - Shot Blocked by Derek Forbort.
2:14 of 3rd period - Wrist shot by Ivan Barbashev.
2:14 of 3rd period - Deflect By Ryan Hartman.
2:14 of 3rd period - Stopped by Connor Hellebuyck with a rebound.
2:16 of 3rd period - Snap shot by Ivan Barbashev.
2:16 of 3rd period - Shot Blocked by Adam Pelech.
2:53 of 3rd period - Adam Henrique is hit by Adam Pelech and loses puck.
3:07 of 3rd period - Off-side.
3:08 of 3rd period - John Hayden wins face-off versus Jack Eichel in neutral zone.
3:15 of 3rd period - Wrist shot by Andreas Athanasiou.
3:15 of 3rd period - Shot Blocked by Jake Sanderson.
3:17 of 3rd period - Wrist shot by John Hayden.
3:17 of 3rd period - Stopped by Connor Hellebuyck with a rebound.
3:19 of 3rd period - Slapshot by John Hayden.
3:19 of 3rd period - Stopped by Connor Hellebuyck without a rebound.
3:20 of 3rd period - Robert Thomas wins face-off versus Ivan Barbashev in St.Louis Blues zone.
3:27 of 3rd period - Slapshot by Robert Thomas.
3:27 of 3rd period - Stopped by Ilya Samsonov without a rebound.
3:28 of 3rd period - Robert Thomas wins face-off versus Ivan Barbashev in San Jose Sharks zone.
4:22 of 3rd period - Wrist shot by Tage Thompson.
4:22 of 3rd period - Deflect By Ryan Hartman.
4:22 of 3rd period - Shot Blocked by Christian Dvorak.
4:22 of 3rd period - Puck is out of play.
4:23 of 3rd period - Jack Eichel wins face-off versus Jack Roslovic in San Jose Sharks zone.
4:24 of 3rd period - Wrist shot by Alex Tuch.
4:24 of 3rd period - Deflect By Jake Guentzel.
4:24 of 3rd period - Shot Misses the Net.
4:24 of 3rd period - Puck is out of play.
4:25 of 3rd period - Jack Roslovic wins face-off versus Jack Eichel in San Jose Sharks zone.
4:41 of 3rd period - Minor Penalty to Connor Murphy for Roughing.
4:42 of 3rd period - Robert Thomas wins face-off versus Valeri Nichushkin in San Jose Sharks zone.
5:08 of 3rd period - Zachary Werenski is hit by Mikhail Sergachev and loses puck.
5:51 of 3rd period - Slapshot by Yanni Gourde.
5:51 of 3rd period - Goal by Yanni Gourde - St.Louis Blues : 3 - San Jose Sharks : 2.
5:52 of 3rd period - Robert Thomas wins face-off versus Jack Roslovic in neutral zone.
5:55 of 3rd period - Victor Olofsson is hit by Tage Thompson and loses puck.
6:18 of 3rd period - Colton Parayko is hit by Christian Dvorak and loses puck.
6:27 of 3rd period - Snap shot by Andrew Copp.
6:27 of 3rd period - Stopped by Ilya Samsonov with a rebound.
7:01 of 3rd period - Andreas Athanasiou is hit by Robert Thomas and loses puck.
7:12 of 3rd period - Snap shot by Andreas Athanasiou.
7:12 of 3rd period - Shot Misses the Net.
7:23 of 3rd period - Icing by Jack Eichel.
7:24 of 3rd period - Jack Eichel wins face-off versus Jack Roslovic in St.Louis Blues zone.
7:40 of 3rd period - Wrist shot by Ilya Mikheyev.
7:40 of 3rd period - Stopped by Connor Hellebuyck without a rebound.
7:41 of 3rd period - Elias Pettersson wins face-off versus Adam Henrique in St.Louis Blues zone.
7:57 of 3rd period - Wrist shot by Tage Thompson.
7:57 of 3rd period - Shot Blocked by Zachary Werenski.
8:07 of 3rd period - Christian Dvorak is hit by Alex Tuch and loses puck.
8:14 of 3rd period - Snap shot by Jake Guentzel.
8:14 of 3rd period - Shot Misses the Net.
8:32 of 3rd period - Wrist shot by Yanni Gourde.
8:32 of 3rd period - Shot Misses the Net.
8:34 of 3rd period - Slapshot by Adam Pelech.
8:34 of 3rd period - Deflect By Mark Stone.
8:34 of 3rd period - Stopped by Ilya Samsonov with a rebound.
8:41 of 3rd period - Slapshot by Nick Leddy.
8:41 of 3rd period - Deflect By Mark Stone.
8:41 of 3rd period - Shot Blocked by Anthony Deangelo.
8:41 of 3rd period - Puck is out of play.
8:42 of 3rd period - Robert Thomas wins face-off versus Adam Henrique in San Jose Sharks zone.
8:43 of 3rd period - Wrist shot by Elias Pettersson.
8:43 of 3rd period - Shot Misses the Net.
8:45 of 3rd period - Slapshot by Adam Pelech.
8:45 of 3rd period - Stopped by Ilya Samsonov without a rebound.
8:46 of 3rd period - Robert Thomas wins face-off versus Adam Henrique in San Jose Sharks zone.
10:20 of 3rd period - Snap shot by Elias Pettersson.
10:20 of 3rd period - Stopped by Ilya Samsonov without a rebound.
10:21 of 3rd period - Robert Thomas wins face-off versus Adam Henrique in San Jose Sharks zone.
10:48 of 3rd period - Colton Parayko is hit by Christian Dvorak and loses puck.
10:59 of 3rd period - Snap shot by Ivan Barbashev.
10:59 of 3rd period - Stopped by Connor Hellebuyck without a rebound.
11:00 of 3rd period - Robert Thomas wins face-off versus Jack Roslovic in St.Louis Blues zone.
11:14 of 3rd period - Icing by Elias Pettersson.
11:15 of 3rd period - Robert Thomas wins face-off versus Adam Henrique in St.Louis Blues zone.
11:46 of 3rd period - Snap shot by Elias Pettersson.
11:46 of 3rd period - Deflect By Tage Thompson.
11:46 of 3rd period - Stopped by Ilya Samsonov without a rebound.
11:47 of 3rd period - Jack Roslovic wins face-off versus Jack Eichel in San Jose Sharks zone.
12:27 of 3rd period - Slapshot by Valeri Nichushkin.
12:27 of 3rd period - Shot Misses the Net.
13:06 of 3rd period - Wrist shot by Yanni Gourde.
13:06 of 3rd period - Stopped by Ilya Samsonov without a rebound.
13:07 of 3rd period - Jack Eichel wins face-off versus Adam Henrique in San Jose Sharks zone.
13:24 of 3rd period - Mikhail Sergachev is hit by Anthony Deangelo and loses puck.
13:59 of 3rd period - Slapshot by Andreas Athanasiou.
13:59 of 3rd period - Shot Misses the Net.
14:07 of 3rd period - Snap shot by Connor Brown.
14:07 of 3rd period - Shot Misses the Net.
14:09 of 3rd period - Wrist shot by Andreas Athanasiou.
14:09 of 3rd period - Stopped by Connor Hellebuyck without a rebound.
14:10 of 3rd period - Yanni Gourde wins face-off versus Jack Roslovic in St.Louis Blues zone.
14:10 of 3rd period - Yanni Gourde is hit by Victor Olofsson.
14:20 of 3rd period - Ilya Mikheyev is hit by Evander Kane and loses puck.
14:31 of 3rd period - Mark Stone is hit by Victor Olofsson and loses puck.
15:05 of 3rd period - Snap shot by Ryan Hartman.
15:05 of 3rd period - Stopped by Connor Hellebuyck without a rebound.
15:05 of 3rd period - Minor Penalty to Connor Hellebuyck for Slashing.
15:06 of 3rd period - Andrew Copp wins face-off versus Ivan Barbashev in St.Louis Blues zone.
15:15 of 3rd period - Ryan Hartman is hit by Nico Sturm and loses puck.
16:36 of 3rd period - Valeri Nichushkin is hit by Colton Parayko and loses puck.
17:05 of 3rd period - Penalty to Lawson Crouse is over, Lawson Crouse is back on ice.
17:19 of 3rd period - Snap shot by Jack Eichel.
17:19 of 3rd period - Shot Misses the Net.
17:21 of 3rd period - Slapshot by Jake Sanderson.
17:21 of 3rd period - Shot Misses the Net.
18:40 of 3rd period - Icing by Elias Pettersson.
18:41 of 3rd period - Robert Thomas wins face-off versus Ivan Barbashev in St.Louis Blues zone.
18:56 of 3rd period - San Jose Sharks, Ilya Samsonov is pulled from the net.
19:00 of 3rd period - Wrist shot by Dylan Strome.
19:00 of 3rd period - Stopped by Connor Hellebuyck without a rebound.
19:01 of 3rd period - Jeff Blashill call a timeout for San Jose Sharks.
19:01 of 3rd period - Adam Henrique wins face-off versus Elias Pettersson in St.Louis Blues zone.
19:20 of 3rd period - Slapshot by Dylan Strome.
19:20 of 3rd period - Shot Misses the Net.
19:28 of 3rd period - Wrist shot by Alex Tuch.
19:28 of 3rd period - Shot Misses the Net.
19:32 of 3rd period - Wrist shot by Tage Thompson.
19:32 of 3rd period - Goal by Tage Thompson - St.Louis Blues : 4 - San Jose Sharks : 2.
19:32 of 3rd period - Ilya Samsonov from San Jose Sharks was sent back in the game.
19:33 of 3rd period - Jack Roslovic wins face-off versus Yanni Gourde in neutral zone.
19:57 of 3rd period - Icing by Victor Olofsson.
19:58 of 3rd period - Jack Eichel wins face-off versus John Hayden in San Jose Sharks zone.
Goals for this period are 2 for St.Louis Blues vs 1 for San Jose Sharks.
Shots for this period are 9 for St.Louis Blues vs 10 for San Jose Sharks.
Back to the Top